 Dungeon Crawl Stone Soup version 0.22-a0-246-gdc04c06 (webtiles) character file.

25666 b5mith the Fighter (level 12, -1/113 HPs)
             Began as a Minotaur Berserker on Feb 22, 2018.
             Was a High Priest of Trog.
             Slain by a cyan ugly thing (7 damage)
             ... on level 14 of the Dungeon.
             The game lasted 00:56:00 (14304 turns).

b5mith the Fighter (Minotaur Berserker)            Turns: 14304, Time: 00:56:00

Health: -1/113     AC: 11    Str: 33    XL:     12   Next: 91%
Magic:  11/11      EV: 21    Int:  4    God:    Trog [*****.]
Gold:   500        SH:  0    Dex: 18    Spells: 11/11 levels left

rFire    . . .     SeeInvis .   i - +3 great sword of Foul Odors {slice, rC++}
rCold    + + .     Gourm    .   (shield currently unavailable)
rNeg     + . .     Faith    .   d - +0 steam dragon scales
rPois    .         Spirit   .   (helmet restricted)
rElec    .         Reflect  .   e - +0 cloak
rCorr    .         Harm     .   u - +1 pair of gloves {Dex+3}
MR       .....                  (no boots)
Stlth    ++........             (no amulet)
HPRegen  0.28/turn              R - ring of Day {rN+ Str+3}
MPRegen  0.12/turn              L - +3 ring of dexterity

@: mighty, berserk cooldown, slowed, very slow
A: retaliatory headbutt, horns 2
a: Berserk, Trog's Hand, Brothers in Arms, Renounce Religion


You were on level 14 of the Dungeon.
You worshipped Trog.
Trog was extremely pleased with you.
You were near starving.

You visited 1 branch of the dungeon, and saw 14 of its levels.

You collected 932 gold pieces.
You spent 432 gold pieces at shops.

Inventory:

Hand Weapons
 a - a +1 falchion
 i - the +3 great sword of Foul Odors (weapon) {slice, rC++}
   (Trog gifted it to you on level 8 of the Dungeon)

   It inflicts extra damage upon your enemies.
   It greatly protects you from cold.
 P - a +2 long sword of holy wrath
 Q - a +1 antimagic great sword
Missiles
 l - a throwing net (quivered)
Armour
 d - +0 steam dragon scales (worn)
 e - a +0 cloak (worn)
 p - a +2 robe of cold resistance
 u - a +1 pair of gloves of dexterity (worn)
 K - a +0 scale mail of cold resistance
Jewellery
 z - a +6 ring of intelligence
 L - a +3 ring of dexterity (right hand)
 N - an uncursed ring of resist corrosion
 R - the ring of Day (left hand) {rN+ Str+3}
   (You bought it in a shop on level 8 of the Dungeon)

   [ring of positive energy]

   It affects your strength (+3).
   It protects you from negative energy.
Wands
 w - a wand of enslavement (10)
 C - a wand of clouds (2)
 H - a wand of paralysis (12)
 I - a wand of flame (26)
 M - a wand of acid (13)
 O - a wand of disintegration (32)
Scrolls
 j - a scroll of vulnerability {unknown}
 k - 4 scrolls of teleportation
 m - 3 scrolls of fear
 n - a scroll of magic mapping
 q - 2 scrolls of enchant weapon
 v - a scroll of fog
 x - a scroll of blinking
 y - a scroll of enchant armour
 B - 2 scrolls of amnesia
 E - a scroll of immolation
 G - a scroll of noise {unknown}
 T - a scroll of identify {@r1}
Potions
 b - 3 potions of heal wounds
 f - 12 potions of curing {@q1}
 g - 3 potions of brilliance
 h - 4 potions of agility
 o - 4 potions of haste
 r - a potion of ambrosia {unknown}
 s - 2 potions of cancellation
 t - 4 potions of mutation
 A - 3 potions of resistance
 D - 2 potions of lignification
 J - 2 potions of flight
Comestibles
 c - 17 rations
 U - 10 chunks of flesh


   Skills:
 + Level 12.8 Fighting
 + Level 12.7 Long Blades
 + Level 12.5 Armour
 + Level 11.6 Dodging
   Level 8.2 Shields


You had 11 spell levels left.
You didn't know any spells.

Dungeon Overview and Level Annotations

Branches:
Dungeon (14/15)            Temple (0/1) D:6            Lair (0/6) D:8
    Orc (0/2) D:9          Vaults (0/5) D:14

Altars:
Dithmenos
Elyvilon
Fedhas
Hepliaklqana
Makhleb
Nemelex Xobeh
Qazlal
Ru
Sif Muna
Trog
Vehumet
Xom
Zin

Shops:
D:6 (   D:8 =   D:9 [%   D:10 *   D:11 :

Portals:
Trove: D:12 (give +7 demon blade)


Innate Abilities, Weirdness & Mutations

You reflexively headbutt those who attack you in melee.
You have a pair of horns on your head.


Message History

You barely miss the cyan ugly thing. The cyan ugly thing engulfs you!
* * * LOW HITPOINT WARNING * * *
The cyan ugly thing shocks you!
* * * LOW HITPOINT WARNING * * *
The white ugly thing basks in the mutagenic energy from its kin and changes!
You are too berserk!
You feel a strong urge to attack something.
You are no longer berserk.
You are exhausted.
You feel yourself slow down.
You feel very mighty all of a sudden. The cyan ugly thing engulfs you.
* * * LOW HITPOINT WARNING * * *
The cyan ugly thing shocks you!
* * * LOW HITPOINT WARNING * * *
You slice the cyan ugly thing!!
Your headbutt misses the cyan ugly thing.
The cyan ugly thing is heavily wounded.
The cyan ugly thing engulfs you!
You die...

#......<.....#
#............#
#............# ####
#.....u......# .[.
#.....u......# #..
######.###### #.. #u†u.#
#.. ####u# #.. #@# #..
#######'## #.† .........#
#########..
########.#####..........
#....#.##.÷...........
##8#....#†#..##..........
........'.#.###..........
........#.'.# #.....>....
........#.### #..........


You could see 2 ugly things.

Vanquished Creatures
  The ghost of b5mith the Basher, a journeyman MiBe of Trog (D:11)
  The ghost of bombasticus the Thrower, a journeyman GrBe of Trog (D:11)
  Harold (D:11)
  A centaur warrior (D:14)
  A two-headed ogre (D:8)
  A death knight (D:12)
  Sonja (D:13)
  An unseen horror (D:11)
  A deep elf mage (D:12)
  13 ugly things
  2 cyclopes (D:12)
  4 centaur skeletons
  A komodo dragon (D:12)
  A meliai (shapeshifter) (D:14)
  A hornet (D:9)
  A troll (D:9)
  A raiju (shapeshifter) (D:14)
  8 hippogriffs
  A meliai zombie (D:14)
  Sigmund (D:2)
  A redback (shapeshifter) (D:14)
  A wyvern (D:12)
  A shadow (D:13)
  7 yaks
  A wraith (D:14)
  A human (D:7)
  A steam dragon (D:12)
  4 hogs (D:7)
  2 vampire mosquitoes (D:12)
  A soldier ant (D:13)
  7 orc warriors
  A hornet zombie (D:9)
  A phantom (D:8)
  A sky beast (D:10)
  A black bear (D:10)
  10 ice beasts
  2 necrophages (D:9)
  11 centaurs
  6 ogres
  A big kobold (D:12)
  7 bullfrogs
  A gnoll sergeant (D:7)
  3 scorpions
  6 killer bees (D:7)
  4 wights (D:6)
  5 howler monkeys
  7 crimson imps
  4 bullfrog zombies
  3 centaur zombies
  4 bullfrog skeletons
  3 orc priests
  8 hounds
  6 jellies
  4 iguanas
  Terence (D:2)
  12 orc wizards
  14 worker ants
  2 hound zombies
  2 worker ant zombies
  8 adders
  3 gnolls (D:7)
  4 shadow imps
  An ooze (D:3)
  An adder zombie (D:7)
  6 adder skeletons
  3 worms
  2 dart slugs (D:2)
  4 leopard geckos
  39 orcs
  A bat skeleton (D:2)
  A bat zombie (D:2)
  8 giant cockroaches
  12 goblins
  10 hobgoblins
  16 jackals
  7 kobolds
  3 quokkas
  A ball python (D:8)
  7 bats
  4 frilled lizards
  A leopard gecko skeleton (D:8)
  5 rats
347 creatures vanquished.

Vanquished Creatures (others)
  3 fungi (D:2)
3 creatures vanquished.

Grand Total: 350 creatures vanquished

Notes
Turn   | Place    | Note
-------+----------+-------------------------------------------
     0 | D:1      | b5mith the Minotaur Berserker began the quest for the Orb.
     0 | D:1      | Reached XP level 1. HP: 19/19 MP: 0/0
   108 | D:1      | Reached XP level 2. HP: 22/27 MP: 1/1
   651 | D:2      | Reached XP level 3. HP: 33/33 MP: 2/2
   653 | D:2      | Reached ** piety under Trog
   676 | D:2      | Found a blossoming altar of Fedhas.
   696 | D:2      | Noticed Terence
   703 | D:2      | Killed Terence
   703 | D:2      | Reached XP level 4. HP: 26/41 MP: 3/3
   765 | D:2      | Noticed Sigmund
   776 | D:2      | Killed Sigmund
   776 | D:2      | Reached skill level 5 in Fighting
   776 | D:2      | Reached skill level 5 in Long Blades
   776 | D:2      | Reached XP level 5. HP: 24/48 MP: 4/4
  1193 | D:2      | Found a deep blue altar of Sif Muna.
  1266 | D:2      | Found a hazy altar of Hepliaklqana.
  1435 | D:3      | Found a shadowy altar of Dithmenos.
  1474 | D:3      | Reached XP level 6. HP: 51/56 MP: 5/5
  1493 | D:3      | Found a sacrificial altar of Ru.
  1594 | D:3      | Reached *** piety under Trog
  1598 | D:3      | Found a bloodstained altar of Trog.
  2206 | D:4      | Reached skill level 5 in Armour
  2207 | D:4      | Found a burning altar of Makhleb.
  2247 | D:4      | Reached XP level 7. HP: 62/62 MP: 6/6
  2592 | D:4      | Reached skill level 1 in Shields
  3065 | D:4      | Reached skill level 5 in Dodging
  3131 | D:4      | Reached **** piety under Trog
  3235 | D:5      | Entered Level 5 of the Dungeon
  3448 | D:5      | Reached XP level 8. HP: 71/71 MP: 7/7
  4303 | D:6      | Reached skill level 5 in Shields
  4522 | D:6      | Found Puebyp's Weapon Emporium.
  4597 | D:6      | Found a staircase to the Ecumenical Temple.
  4994 | D:7      | Noticed a hippogriff
  5011 | D:7      | Killed a hippogriff
  5535 | D:7      | Reached XP level 9. HP: 68/79 MP: 8/8
  6049 | D:7      | Reached ***** piety under Trog
  6880 | D:8      | Found a sparkling altar of Nemelex Xobeh.
  6924 | D:8      | Found a shimmering altar of Xom.
  7538 | D:8      | Received a gift from Trog
  7541 | D:8      | Got a polished great sword {god gift}
  7561 | D:8      | Identified the +3 great sword of Foul Odors {slice, rC++} (Trog gifted it to you on level 8 of the Dungeon)
  7634 | D:8      | Reached XP level 10. HP: 76/90 MP: 9/9
  7639 | D:8      | Found Resuimum's Jewellery Shoppe.
  7704 | D:8      | Found a staircase to the Lair.
  7727 | D:8      | Noticed a two-headed ogre
  7734 | D:8      | Killed a two-headed ogre
  8095 | D:9      | Found a staircase to the Orcish Mines.
  8161 | D:9      | Found Piablum's Antique Armour Shop.
  8227 | D:9      | Found a white marble altar of Elyvilon.
  8474 | D:9      | Found Goudaq's Food Shop.
  9185 | D:10     | Entered Level 10 of the Dungeon
  9665 | D:10     | Found Atheih's General Store.
  9672 | D:10     | Reached skill level 10 in Fighting
  9881 | D:8      | Bought the ring of Day {rN+ Str+3} for 432 gold pieces
 10100 | D:10     | Found a blossoming altar of Fedhas.
 10102 | D:10     | Found a shadowy altar of Dithmenos.
 10102 | D:10     | Found a stormy altar of Qazlal.
 10104 | D:10     | Found a shimmering altar of Xom.
 10104 | D:10     | Found a glowing silver altar of Zin.
 10104 | D:10     | Found a radiant altar of Vehumet.
 10174 | D:11     | Noticed bombasticus's ghost (journeyman GrBe)
 10179 | D:11     | Reached skill level 10 in Long Blades
 10179 | D:11     | Reached XP level 11. HP: 99/99 MP: 10/10
 10195 | D:11     | Killed bombasticus's ghost
 10519 | D:11     | Noticed b5mith's ghost (journeyman MiBe)
 10531 | D:11     | Killed b5mith's ghost
 10531 | D:11     | Reached skill level 10 in Armour
 11188 | D:11     | Killed an unseen horror
 11268 | D:11     | Found Gox Teewk's Book Boutique.
 11321 | D:11     | Noticed Harold
 11328 | D:11     | Killed Harold
 11813 | D:12     | Found a frozen archway.
 11901 | D:12     | Reached skill level 10 in Dodging
 12253 | D:12     | Found a portal to a secret trove of treasure.
 12253 | D:12     | Noticed a white ugly thing
 12285 | D:12     | Killed a white ugly thing
 12354 | D:12     | Noticed a death knight
 12390 | D:12     | Killed a death knight
 12390 | D:12     | Reached XP level 12. HP: 66/110 MP: 11/11
 13428 | D:13     | Noticed Sonja
 13468 | D:13     | Killed Sonja
 13468 | D:13     | Received a gift from Trog
 13974 | D:14     | Noticed a centaur warrior
 13981 | D:14     | Killed a centaur warrior
 14152 | D:14     | Found a gate to the Vaults.
 14304 | D:14     | Slain by a cyan ugly thing

Vault maps used:
D:1:      roderic_crop_circles_arrival_small, minmay_split_cup_small
D:2:      led_sif_pool, old_standard_altar, fedhas_altar_3, serial_undead,
          serial_undead_c, serial_undead_f, serial_undead_c, serial_undead_e,
          serial_undead_a, uniq_sigmund, uniq_terence
D:3:      lemuel_coloured_pillars_altar, nicolae_ru_sacrificial_ziggurat,
          nicolae_dithmenos_shadow_blocks
D:4:      minmay_wonky_spiral, makhleb_heckhound_becter, first_ration,
          minmay_misc_feat_room, grunt_decor_arrowhead
D:6:      minmay_temple_entry_junction_2, serial_shops, kennysheep_mini_moat
D:7:      grunt_livestock
D:8:      nemelex_xobeh_ov_fountains_minmay, xom_butterflies, dpeg_oklobed_lair,
          serial_shops, nicolae_shop_window_shopping
D:9:      minmay_goldmine, nicolae_overflow_crystal_walls, orc_0_dummy,
          serial_shops, shop, shop
D:10:     serial_shops, nicolae_shop_behind_doors, doesnt_xom_only_xom
D:11:     serial_shops, shop, nrook_loot_triangle, uniq_harold
D:12:     portal_ice_cave_entry_ice_beasts, enter_trove_0
D:13:     uniq_sonja
D:14:     david_vaults_2, kennysheep_path_1, serial_corexii_hall,
          corexii_hall_statues_s, corexii_hall_statues_i

Skill      XL: |  1  2  3  4  5  6  7  8  9 10 11 12 |
---------------+-------------------------------------+-----
Fighting       | 4 5 6 7 8 10 11 12 | 12.8
Long Blades    | 4 5 6 7 8 10 11 12 | 12.7
Armour         | 3 4 5 6 7 9 11 12 | 12.5
Dodging        | 3 4 5 6 7 8 10 11 | 11.6
Shields        | 3 6 8 |  8.2

Action                   |  1- 3 |  4- 6 |  7- 9 | 10-12 || total
-------------------------+-------+-------+-------+-------++-------
Melee: Falchion          |    45 |   114 |   427 |       ||   586
       Headbutt          |     6 |    28 |   131 |   126 ||   291
       Great sword       |       |       |    14 |   362 ||   376
Throw: Tomahawk          |       |       |     2 |     6 ||     8
       Throwing net      |       |       |       |     1 ||     1
Invok: Berserk           |       |     2 |     5 |     7 ||    14
Evoke: Wand              |       |       |       |     1 ||     1
  Use: Scroll            |       |     2 |     7 |    13 ||    22
       Potion            |       |     1 |     3 |     7 ||    11
 Stab: Distracted        |       |       |       |     1 ||     1
  Eat: Chunk             |       |     4 |    14 |     6 ||    24
       Ration            |       |     1 |     2 |     6 ||     9
Armor: Animal skin       |    11 |       |       |       ||    11
       Ring mail         |     4 |    34 |   120 |       ||   158
       Scale mail        |       |       |       |   142 ||   142
       Steam dragon scal |       |       |       |    22 ||    22
Dodge: Dodged            |    27 |    62 |   156 |   331 ||   576
Block: Large shield      |       |       |   324 |       ||   324
       Rpst.: Falchion   |    10 |    14 |    38 |       ||    62
       Great sword       |       |       |     3 |    66 ||    69

Table legend:
 A = Spawn XP
 B = Non-spawn XP
 C = Spawn XP percentage of total XP
 D = Spawn monster count
 E = Non-spawn monster count
 F = Spawn count percentage of total count
 G = Total turns spent on level
                    A         B        C        D         E        F      G
               +---------+---------+-------+---------+---------+-------+---------
         Total |       0 |   36667 |   0.0 |       0 |     347 |   0.0 | 14304
               +---------+---------+-------+---------+---------+-------+---------
           D:1 |       0 |      34 |   0.0 |       0 |      19 |   0.0 |   616
           D:2 |       0 |     335 |   0.0 |       0 |      26 |   0.0 |   796
           D:3 |       0 |     111 |   0.0 |       0 |      25 |   0.0 |   502
           D:4 |       0 |     762 |   0.0 |       0 |      38 |   0.0 |  1321
           D:5 |       0 |     577 |   0.0 |       0 |      17 |   0.0 |   971
           D:6 |       0 |     401 |   0.0 |       0 |      11 |   0.0 |   801
           D:7 |       0 |    2774 |   0.0 |       0 |      41 |   0.0 |  2578
           D:8 |       0 |    1780 |   0.0 |       0 |      15 |   0.0 |   623
           D:9 |       0 |    2910 |   0.0 |       0 |      33 |   0.0 |  1199
          D:10 |       0 |    1063 |   0.0 |       0 |      15 |   0.0 |  1604
          D:11 |       0 |    6223 |   0.0 |       0 |      26 |   0.0 |   649
          D:12 |       0 |    7050 |   0.0 |       0 |      42 |   0.0 |  1366
          D:13 |       0 |    2852 |   0.0 |       0 |      16 |   0.0 |   921
          D:14 |       0 |    9795 |   0.0 |       0 |      23 |   0.0 |   357
               +---------+---------+-------+---------+---------+-------+---------
